 Dungeon Crawl Stone Soup version 0.29-a0-1009-g60c99734e7 (webtiles) character file.

Game seed: 15655747066471581605

199132 vurker the Warrior (level 18, 2/180 HPs)
             Began as a Minotaur Enchanter on Aug 7, 2022.
             Quit the game on level 4 of the Swamp on Aug 8, 2022.
             The game lasted 00:50:36 (39262 turns).

vurker the Warrior (Minotaur Enchanter)            Turns: 39262, Time: 00:50:36

Health: 2/180      AC: 29    Str: 21    XL:     18   Next: 23%
Magic:  1/19       EV: 16    Int: 16    God:
Gold:   2346       SH:  0    Dex: 11    Spells: 19/19 levels left

rFire   + . .      SeeInvis .   a - +4 lajatang (spect)
rCold   . . .      Faith    .   (shield currently unavailable)
rNeg    . . .      Spirit   +   O - +3 plate armour {rPois}
rPois   +          Reflect  .   N - +2 hat of Ehujegug {rCorr Int+4}
rElec   .          Harm     .   z - +0 cloak
rCorr   +          Rampage  .   P - +0 pair of gloves
Will    +....                   x - +2 pair of boots
Stlth   ..........              r - amulet of guardian spirit
HPRegen 0.40/turn               q - ring of protection from fire
MPRegen 0.16/turn               F - +4 ring of evasion

@: mildly poisoned (2 -> 2), very slow
A: horns 2, retaliatory headbutt
a: no special abilities


You were on level 4 of the Swamp.
You visited 4 branches of the dungeon, and saw 26 of its levels.
You visited the Abyss 1 time.
You also visited: Volcano.

You collected 3729 gold pieces.
You spent 1383 gold pieces at shops.

Inventory:

Hand Weapons
 a - a +4 spectral lajatang (weapon)
   (You bought it in a shop on level 10 of the Dungeon)
 b - a +3 lajatang of venom
   (You took it off Agnes on level 15 of the Dungeon)
 Q - the +9 quarterstaff "Georiah" {freeze, rCorr Str+2 Dex+6}
   (You took it off an orc wizard on level 11 of the Dungeon)

   It freezes those it strikes, dealing additional cold damage.
   It can also slow down cold-blooded creatures.
   Str:       It affects your strength (+2).
   Dex:       It affects your dexterity (+6).
   rCorr:     It protects you from acid and corrosion.
Armour
 x - a +2 pair of boots (worn)
   (You found it on level 11 of the Dungeon)
 z - a +0 cloak (worn)
   (You found it on level 4 of the Lair of Beasts)
 L - a +2 plate armour of fire resistance
   (You found it in a volcano)
 N - the +2 hat of Ehujegug (worn) {rCorr Int+4}
   (You bought it in a shop on level 2 of the Orcish Mines)

   Int:       It affects your intelligence (+4).
   rCorr:     It protects you from acid and corrosion.
 O - a +3 plate armour of poison resistance (worn)
   (You took it off an orc warlord on level 1 of the Orcish Mines)
 P - a +0 pair of gloves (worn)
   (You found it on level 5 of the Dungeon)
Jewellery
 p - a ring of flight
   (You found it on level 8 of the Dungeon)
 q - a ring of protection from fire (left hand)
   (You found it on level 5 of the Dungeon)
 r - an amulet of guardian spirit (around neck)
   (You found it on level 5 of the Dungeon)
 s - a ring of see invisible
   (You found it on level 11 of the Dungeon)
 F - a +4 ring of evasion (right hand)
   (You found it on level 1 of the Lair of Beasts)
Wands
 k - a wand of polymorph (9)
   (You found it on level 1 of the Lair of Beasts)
 n - a wand of quicksilver (11)
   (You found it on level 4 of the Dungeon)
 t - a wand of flame (17)
   (You found it on level 14 of the Dungeon)
 u - a wand of paralysis (40)
   (You took it off a gnoll on level 8 of the Dungeon)
 v - a wand of digging (21)
   (You found it on level 7 of the Dungeon)
 E - a wand of mindburst (10)
   (You took it off Pikel on level 9 of the Dungeon)
 G - a wand of roots (26)
   (You found it on level 10 of the Dungeon)
Scrolls
 f - a scroll of summoning
 g - 5 scrolls of teleportation
 j - a scroll of silence
 l - 6 scrolls of magic mapping
 B - 6 scrolls of fear
 C - 4 scrolls of enchant armour
 H - 4 scrolls of butterflies
 I - 9 scrolls of identify
 M - 3 scrolls of enchant weapon
Potions
 c - 4 potions of invisibility
 d - a potion of brilliance
 e - 7 potions of curing
 h - 6 potions of mutation
 i - 3 potions of ambrosia
 m - a potion of might
 o - 8 potions of lignification
 w - 6 potions of flight
 y - 8 potions of heal wounds
 A - 2 potions of magic
 D - 7 potions of haste
 J - a potion of cancellation


   Skills:
 * Level 20.6 Fighting
 - Level 11.3 Short Blades
 - Level 14.0 Staves
 + Level 16.9 Armour
 + Level 15.7 Dodging
 - Level 2.4 Stealth
 - Level 1.3 Spellcasting
 + Level 8.0 Hexes


You had 19 spell levels left.
You didn't know any spells.
Your spell library contained the following spells:

 Spells                   Type           Power      Damage    Failure   Level
 Confusing Touch          Hex            26%        N/A       22%         3
 Tukima's Dance           Hex            26%        N/A       22%         3
 Ensorcelled Hibernation  Hex/Ice        28%        N/A       50%         2
 Dazzling Flash           Conj/Hex       28%        N/A       75%         3
 Inner Flame              Hex/Fire       14%        N/A       75%         3
 Portal Projectile        Hex/Tloc       28%        N/A       75%         3
 Foxfire                  Conj/Fire      4%         2x1d4     89%         1
 Magic Dart               Conj           4%         1d3       89%         1
 Sandblast                Erth           2%         2d4       89%         1
 Sting                    Tmut/Pois      4%         1d3       89%         1
 Passwall                 Tmut/Erth      0%         N/A       96%         2
 Searing Ray              Conj           2%         2d4       96%         2
 Anguish                  Hex/Necr       7%         N/A       98%         4
 Fulminant Prism          Conj/Hex       7%         3d7       98%         4
 Leda's Liquefaction      Hex/Erth       7%         N/A       98%         4
 Call Canine Familiar     Summ           1%         N/A       99%         3
 Conjure Flame            Conj/Fire      1%         6-21      99%         3
 Ignite Poison            Fire/Tmut/Pois 1%         N/A       99%         3
 Spider Form              Tmut/Pois      1%         N/A       99%         3
 Stone Arrow              Conj/Erth      2%         3d7       99%         3
 Swiftness                Air            1%         N/A       99%         3
 Animate Armour           Summ/Erth      2%         N/A       100%        4
 Flame Wave               Conj/Fire      1%         2d4       100%        4
 Olgreb's Toxic Radiance  Pois           1%         N/A       100%        4
 Sticky Flame             Conj/Fire      1%         2d3       100%        4
 Blade Hands              Tmut           0%         N/A       100%        5
 Dispersal                Tloc           0%         N/A       100%        6
 Ozocubu's Refrigeration  Ice            0%         4d7       100%        7
 Disjunction              Tloc           0%         N/A       100%        8
 Ignition                 Fire           0%         3d3       100%        8
 Lehudib's Crystal Spear  Conj/Erth      0%         10d2      100%        8


Dungeon Overview and Level Annotations

Branches:
Dungeon (15/15)            Temple (0/1) D:7            Lair (5/5) D:8
  Swamp (4/4) Lair:2       Spider (0/4) Lair:3        Slime (0/5) Lair:4
    Orc (2/2) D:11            Elf (0/3) Orc:2        Vaults (0/5) D:13
 Depths (0/4) D:15        Volcano (visited)

Altars:
Ashenzari
Cheibriados
Elyvilon
Fedhas
Gozag
Hepliaklqana
Makhleb
Okawaru
Qazlal
Ru
Trog
Wu Jian
Xom
The Shining One

Shops:
D:1 :*[   D:5 (*   D:7 (   D:10 (   D:13 =   Orc:2 :[*((

Annotations:
D:3 1 runed translucent door, vurker's ghost, amateur MiHu
D:5 1 runed translucent door, eyesofgods1's ghost, novice DsFi
D:15 exclusion: obsidian statue
Lair:4 1 runed translucent door
Lair:5 1 runed translucent door, Orociumy's ghost, journeyman DsCj
Swamp:1 2 transporters, exclusion: orange crystal statue


Innate Abilities, Weirdness & Mutations

You have a pair of horns on your head.
You reflexively headbutt those who attack you in melee.


Message History

As you read the scroll of teleportation, it crumbles to dust.
You feel strangely unstable.
The alligator bites you but does no damage.
The alligator closely misses you.
The spriggan rider hits you from afar with a +0 spear!
* * * LOW HITPOINT WARNING * * *
The swamp drake barely misses you. The alligator misses you.
The alligator tail-slaps you but does no damage.
Unknown command.
Unknown command.
The roots grasp on you weakens, but your attempt to escape fails.
The spriggan rider hits you but does no damage.
The shambling mangrove hits you but does no damage.
The grasping roots constrict you!
* * * LOW HITPOINT WARNING * * *
The swamp drake bites you but does no damage.
The alligator barely misses you. You furiously retaliate!
You headbutt the alligator. The alligator tail-slaps you.
* * * LOW HITPOINT WARNING * * *
Unknown command.
The roots grasp on you weakens, but your attempt to escape fails.
The spriggan rider misses you. The alligator barely misses you. x2
The shambling mangrove barely misses you.
You furiously retaliate!
You headbutt the shambling mangrove! The grasping roots constrict you!
* * * LOW HITPOINT WARNING * * *
The swamp drake breathes poison at you.
The noxious blast engulfs you but does no damage.
You are poisoned.
You resist.
Unknown command.
You escape the roots grasp.
The shambling mangrove attacks as you move away!
The shambling mangrove hits you!
* * * LOW HITPOINT WARNING * * *
The alligator attacks as you move away!
The alligator bites you but does no damage.
The alligator tail-slaps you but does no damage.
Your surroundings suddenly seem different.
Splash!
You fall into the shallow water.
Moving in this stuff is going to be slow.
A swamp drake and a five-headed hydra come into view.
* * * LOW HITPOINT WARNING * * *
You feel sick.
The swamp drake roars!
The five-headed hydra roars!
You hear a roar! x2
A spriggan druid comes into view. It is wielding a +0 quarterstaff.
A swamp drake comes into view.
The swamp drake breathes poison at you. The noxious blast misses you.
The spriggan druid moves out of view.

~....~~~ ♣...~~i ~..~♣♣
♣♣♣~..~.♣ .~~~~♣♣
♣♣~..~.~~ .~~~~.♣
♣.~~~~.~ .~.~~~~
♣♣.~~~○~♣♣♣♣♣♣♣♣~~..~
♣.~~~~~.○°♣♣..♣.°k.♣~♣.
♣.~§~~~.○i♣.~~§°°.~...~
♣.~~~~~☼~♣~°○~♣@°°#
♣.~~§~.§♣☼☼§§°♣°♣##
♣§~§.~♣♣♣○~~~~kD#
♣.~~~~♣♣♣.~§.~~♣#
♣~..~~~♣♣♣!~.~♣#
♣♣♣.~.~♣♣♣♣♣~.♣
♣♣..♣...♣♣~♣#
♣♣♣♣♣.....♣# ♣♣~~~~...♣


You could see a five-headed hydra and 2 swamp drakes.

Vanquished Creatures
  Saint Roka (Orc:2)
  Rupert (Orc:2)
  A lich (Abyss:3)
  A tentacled starspawn (Abyss:3)
  A thorn hunter (Swamp:4)
  Agnes (D:15)
  Donald (Orc:2)
  Louise (D:15)
  An orc warlord (Orc:1)
  Nessos (D:12)
  5 eleionomae
  A red draconian (Volcano)
  3 bunyips
  Snorg (Orc:1)
  3 shambling mangroves
  Erolcha (D:11)
  Harold (D:11)
  2 ogre magi
  5 boulder beetles
  13 hydras
  5 vault guards (D:13)
  Fannar (Lair:3)
  Erica (D:9)
  A catoblepas (Lair:4)
  A death knight (D:14)
  2 ghost crabs
  6 two-headed ogres
  3 alligators
  6 death yaks
  5 thrashing horrors (Abyss:3)
  An orc high priest (Orc:2)
  Nergalle (D:11)
  18 spriggans
  A deep elf knight (D:13)
  A wretched star (Abyss:3)
  Sonja (D:13)
  5 skeletal warriors
  3 goliath frogs
  6 bog bodies
  A salamander mystic (Volcano)
  2 spriggan druids
  8 swamp dragons
  5 starcursed masses (Abyss:3)
  A phantasmal warrior (D:14)
  2 lindwurms (Lair:4)
  A wizard (D:15)
  Pikel (D:9)
  A necromancer (D:15)
  6 orc knights
  4 deep elf pyromancers
  A wolf spider (D:14)
  19 ugly things
  A large abomination (Abyss:3)
  7 cyclopes
  5 salamanders (Volcano)
  8 manticores
  8 orc sorcerers
  An oklob plant (Lair:1)
  15 slime creatures
  5 will-o-the-wisps
  17 elephants
  A moth of wrath (shapeshifter) (D:14)
  Joseph (Lair:1)
  2 torpor snails (Lair:1)
  3 black mambas
  A naga mage (D:15)
  3 gargoyles
  A centaur skeleton (D:15)
  11 cane toads
  14 rime drakes
  A rime drake (shapeshifter) (D:14)
  5 komodo dragons
  2 kobold demonologists
  A demonic crawler (Abyss:3)
  2 ancient zymes (Abyss:3)
  A freezing wraith (D:14)
  A merfolk (D:11)
  6 polar bears
  11 trolls
  5 raiju (Abyss:3)
  10 hornets
  7 tyrant leeches
  24 blink frogs
  6 dream sheep
  Sigmund (D:4)
  A vampire (D:12)
  40 yaks
  3 culicivoras (Lair:3)
  3 shadows
  5 wyverns
  A human (D:13)
  2 wraiths
  A ynoxinul (Abyss:3)
  3 hogs
  A water elemental (D:11)
  A golden eye (shapeshifter) (D:13)
  6 basilisks
  6 fire bats (Volcano)
  12 vampire mosquitoes
  A redback simulacrum (D:15)
  8 steam dragons
  A basilisk (shapeshifter) (Abyss:3)
  A neqoxec (Abyss:3)
  A chaos spawn (Abyss:3)
  12 swamp worms
  4 wargs
  A harpy simulacrum (D:15)
  2 spatial vortices (Abyss:3)
  5 acid dragons
  15 water moccasins
  Edmund (D:5)
  3 swamp drakes
  28 orc warriors
  16 black bears
  3 sky beasts
  5 boggarts
  25 wolves
  3 ogres (Orc:1)
  5 centaurs
  6 kobold brigands
  14 bullfrogs
  Blork the orc (Orc:1)
  4 scorpions
  A necrophage (D:6)
  3 wights (D:6)
  13 killer bees
  3 howler monkeys
  10 electric eels
  3 vampire bats (Lair:4)
  6 lava snakes (Volcano)
  26 orc priests
  5 jellies
  3 hounds
  3 gnoll boudas (D:11)
  19 orc wizards
  7 iguanas
  A boggart skeleton (D:15)
  8 adders
  7 gnolls
  2 white imps
  An ufetubus (D:4)
  A worm (D:3)
  A dart slug (D:3)
  44 orcs
  4 ball pythons
  14 bats
  6 endoplasms
  2 giant cockroaches
  3 hobgoblins
  6 jackals
  17 kobolds
  A quokka (D:4)
  2 frilled lizards
  6 goblins
  4 rats
834 creatures vanquished.

Vanquished Creatures (others)
  A goliath frog (Swamp:1)
  2 bloated husks
  A vampire mosquito (Swamp:1)
  12 foxfires
  21 fungi
  54 plants
  5 starspawn tentacles (Abyss:3)
96 creatures vanquished.

Grand Total: 930 creatures vanquished

Notes
Turn   | Place    | Note
-------+----------+-------------------------------------------
     0 | D:1      | vurker the Minotaur Enchanter began the quest for the Orb.
     0 | D:1      | Reached XP level 1. HP: 14/14 MP: 1/1
    80 | D:1      | Found Duotsao's Book Shoppe.
   117 | D:1      | Found Peadur's Book Shop.
   187 | D:1      | Found Tuomoko's General Store.
   328 | D:1      | Found Seuruy's Armour Shop.
   329 | D:1      | Reached skill level 1 in Fighting
   344 | D:1      | Reached XP level 2. HP: 23/23 MP: 3/3
   472 | D:1      | Found a faded altar of an unknown god.
   864 | D:2      | Reached XP level 3. HP: 21/28 MP: 4/4
  1601 | D:3      | Reached skill level 2 in Fighting
  1740 | D:3      | Found a runed translucent door.
  1745 | D:3      | Noticed vurker's ghost (amateur MiHu)
  2071 | D:4      | Found a shimmering altar of Xom.
  2143 | D:4      | Found an iron altar of Okawaru.
  2156 | D:4      | Reached XP level 4. HP: 36/36 MP: 5/5
  2159 | D:4      | Noticed Sigmund
  2168 | D:4      | Killed Sigmund
  2169 | D:4      | Reached skill level 3 in Fighting
  2169 | D:4      | Reached skill level 5 in Short Blades
  2169 | D:4      | Reached XP level 5. HP: 25/46 MP: 6/6
  2499 | D:4      | Reached skill level 4 in Fighting
  2499 | D:4      | Reached XP level 6. HP: 52/52 MP: 7/7
  2526 | D:4      | Found a burning altar of Makhleb.
  2527 | D:4      | Found a bloodstained altar of Trog.
  2527 | D:4      | Found an opulent altar of Gozag.
  2528 | D:4      | Found a blossoming altar of Fedhas.
  2562 | D:4      | Reached skill level 1 in Armour
  3055 | D:4      | Reached XP level 7. HP: 18/60 MP: 8/8
  3428 | D:5      | Entered Level 5 of the Dungeon
  3436 | D:5      | Identified the +8 ring mail "Xacoetra" {Harm rC+++ Will-
                  | Int-5}
  3497 | D:5      | Found Bifisto's Gadget Gallery.
  3564 | D:5      | Found a hazy altar of Hepliaklqana.
  3638 | D:5      | Found Fewisauwk's Antique Weapon Shop.
  4194 | D:5      | Noticed Edmund
  4221 | D:5      | Killed Edmund
  4222 | D:5      | Reached skill level 5 in Fighting
  4649 | D:5      | Found a runed translucent door.
  4667 | D:5      | Noticed eyesofgods1's ghost (novice DsFi)
  4767 | D:5      | Reached XP level 8. HP: 60/69 MP: 7/9
  4861 | D:5      | Found a snail-covered altar of Cheibriados.
  5024 | D:5      | Found Bifisto's Gadget Gallery.
  5173 | D:5      | Found Fewisauwk's Antique Weapon Shop.
  5210 | D:5      | Found a hazy altar of Hepliaklqana.
  5470 | D:5      | Found a snail-covered altar of Cheibriados.
  5625 | D:6      | Found a sacrificial altar of Ru.
  5800 | D:6      | Reached skill level 6 in Fighting
  6247 | D:6      | Found a broken altar of Ashenzari.
  6379 | D:6      | Reached skill level 5 in Dodging
  6725 | D:7      | Reached skill level 5 in Armour
  6725 | D:7      | Reached XP level 9. HP: 74/78 MP: 10/10
  6748 | D:7      | Found Deiz's Weapon Emporium.
  6773 | D:7      | Found a staircase to the Ecumenical Temple.
  7080 | D:7      | Found a glowing golden altar of the Shining One.
  7509 | D:3      | Identified the +5 flail of Wealth {vorpal, Int+3}
  7799 | D:8      | Reached skill level 7 in Fighting
  8078 | D:8      | Noticed a deep elf pyromancer
  8081 | D:8      | Killed a deep elf pyromancer
  8185 | D:8      | Reached skill level 10 in Short Blades
  8229 | D:8      | Reached skill level 8 in Fighting
  8282 | D:8      | Reached XP level 10. HP: 35/90 MP: 7/11
  8508 | D:8      | Paralysed by a gnoll for 3 turns
  8638 | D:8      | Found a staircase to the Lair.
  9401 | D:9      | Noticed Erica
  9414 | D:9      | Killed Erica
  9415 | D:9      | Reached skill level 9 in Fighting
  9576 | D:9      | Found a white marble altar of Elyvilon.
  9847 | D:9      | Found a stormy altar of Qazlal.
  9893 | D:9      | Found an ornate altar of the Wu Jian Council.
  9988 | D:9      | Noticed Pikel
 10016 | D:9      | Killed Pikel
 10494 | D:10     | Entered Level 10 of the Dungeon
 10949 | D:10     | Noticed a manticore
 10981 | D:10     | Killed a manticore
 10982 | D:10     | Reached skill level 10 in Fighting
 11549 | D:10     | Found Dehufuni's Antique Weapon Shoppe.
 11556 | D:10     | Bought a runed lajatang for 540 gold pieces
 11648 | D:10     | Noticed a sixfirhy
 11905 | D:11     | Noticed a cyclops
 11910 | D:11     | Noticed Harold
 11920 | D:10     | Reached XP level 11. HP: 66/100 MP: 9/12
 11922 | D:10     | Reached skill level 1 in Staves
 12064 | D:11     | Killed Harold
 12249 | D:11     | Noticed Erolcha
 12261 | D:11     | Killed Erolcha
 12408 | D:11     | Noticed Nergalle
 12418 | D:11     | Killed Nergalle
 12567 | D:11     | Noticed a boulder beetle
 12613 | D:11     | Killed a boulder beetle
 13025 | D:11     | Found a staircase to the Orcish Mines.
 13115 | D:11     | Identified the +9 quarterstaff "Georiah" {freeze, rCorr
                  | Str+2 Dex+6}
 13147 | D:11     | Found an ornate altar of the Wu Jian Council.
 13345 | D:11     | Reached skill level 5 in Staves
 13345 | D:11     | Reached skill level 10 in Armour
 13465 | D:11     | Noticed a two-headed ogre
 13471 | D:11     | Killed a two-headed ogre
 13472 | D:11     | Reached skill level 11 in Fighting
 13480 | D:11     | Identified the +6 quarterstaff "Daing" {venom, Str+6}
 13611 | D:11     | Noticed a two-headed ogre
 13612 | D:11     | Noticed a two-headed ogre
 13617 | D:11     | Killed a two-headed ogre
 13624 | D:11     | Killed a two-headed ogre
 14186 | D:11     | Reached skill level 10 in Dodging
 14384 | D:11     | Reached XP level 12. HP: 110/110 MP: 13/13
 14820 | D:11     | Noticed a two-headed ogre
 14822 | D:11     | Killed a two-headed ogre
 15375 | Lair:1   | Entered Level 1 of the Lair of Beasts
 15425 | Lair:1   | Found a dark tunnel.
 15529 | Volcano  | Entered a volcano
 15937 | Volcano  | Reached skill level 12 in Fighting
 16145 | Volcano  | Found a radiant altar of Vehumet.
 16162 | Volcano  | Noticed a red draconian
 16169 | Volcano  | Killed a red draconian
 16246 | Volcano  | Found a bloodstained altar of Trog.
 16273 | Lair:1   | Reached XP level 13. HP: 118/118 MP: 14/14
 16287 | Lair:1   | Noticed Joseph
 16298 | Lair:1   | Killed Joseph
 17168 | Lair:2   | Reached XP level 14. HP: 127/127 MP: 15/15
 17954 | Lair:2   | Reached skill level 13 in Fighting
 17955 | Lair:2   | Found a staircase to the Swamp.
 19084 | Lair:3   | You fall into a shaft and drop 1 floor!
 19483 | Lair:3   | Found a hole to the Spider Nest.
 19854 | Lair:3   | Reached skill level 14 in Fighting
 20740 | Lair:3   | Noticed Fannar
 20748 | Lair:3   | Killed Fannar
 21394 | Lair:4   | Found a runed translucent door.
 22099 | Lair:4   | Found a staircase to the Slime Pits.
 22173 | Lair:5   | Entered Level 5 of the Lair of Beasts
 22178 | Lair:5   | Reached skill level 15 in Fighting
 22216 | Lair:5   | Noticed Orociumy's ghost (journeyman DsCj)
 22219 | Lair:5   | Found a runed translucent door.
 22259 | Lair:5   | Reached XP level 15. HP: 133/141 MP: 14/16
 22590 | Lair:4   | Reached skill level 5 in Hexes
 22590 | Lair:4   | Reached XP level 16. HP: 151/151 MP: 17/17
 22640 | Lair:5   | Reached skill level 16 in Fighting
 23294 | Lair:5   | Got Sif Muna's Writings on Contamination and Conjuration
 23773 | Orc:1    | Entered Level 1 of the Orcish Mines
 24496 | Orc:1    | Found a bloodstained altar of Trog.
 24663 | Orc:2    | Entered Level 2 of the Orcish Mines
 24711 | Orc:2    | Noticed Blork the orc
 24711 | Orc:2    | Noticed Saint Roka
 25719 | Orc:2    | Noticed Snorg
 25732 | Orc:1    | Killed Snorg
 25861 | Orc:2    | Found Doseyh's Weapon Shop.
 25877 | Orc:2    | Noticed Donald
 25889 | Orc:2    | Killed Donald
 26086 | Orc:1    | Killed Blork the orc
 26605 | Orc:2    | Killed Saint Roka
 26606 | Orc:2    | Reached skill level 17 in Fighting
 27044 | Orc:2    | Found Eklom's Antique Armour Emporium.
 27207 | Orc:2    | Found Okeakk's Book Emporium.
 27234 | Orc:2    | Found Taefeg's General Store.
 27249 | Orc:2    | Found Qezueq's Antique Weapon Emporium.
 27335 | Orc:2    | Found a staircase to the Elven Halls.
 27357 | Orc:2    | Noticed Rupert
 27367 | Orc:2    | Killed Rupert
 27551 | Orc:2    | Bought a steaming hat for 333 gold pieces
 27551 | Orc:2    | Identified the +2 hat of Ehujegug {rCorr Int+4} (You bought
                  | it in a shop on level 2 of the Orcish Mines)
 27572 | Orc:2    | Bought a lajatang for 510 gold pieces
 28524 | D:12     | Noticed Nessos
 28528 | D:12     | Killed Nessos
 28529 | D:12     | Reached skill level 15 in Armour
 29096 | D:13     | Found a gate to the Vaults.
 29329 | D:13     | Reached skill level 18 in Fighting
 29478 | D:13     | Found Ewkeno's Jewellery Shoppe.
 29760 | D:13     | Noticed Sonja
 29780 | D:13     | Killed Sonja
 29781 | D:13     | Reached XP level 17. HP: 35/163 MP: 14/18
 32194 | D:15     | Entered Level 15 of the Dungeon
 32548 | D:15     | Noticed Louise
 32549 | Abyss:3  | Cast into level 3 of the Abyss (Louise)
 32643 | Abyss:3  | Reached skill level 19 in Fighting
 32711 | Abyss:3  | Noticed a lich
 32727 | Abyss:3  | Killed a lich
 32913 | D:15     | Escaped the Abyss
 32923 | D:15     | Killed Louise
 32924 | D:15     | Reached skill level 15 in Dodging
 33395 | D:15     | Noticed Agnes
 33403 | D:15     | Killed Agnes
 33931 | D:15     | Found a staircase to the Depths.
 34580 | D:15     | Upgraded the game from 0.29-a0-1008-g949cc1d0fb to
                  | 0.29-a0-1009-g60c99734e7
 34780 | Swamp:1  | Entered Level 1 of the Swamp
 35216 | Swamp:1  | Found a transporter.
 35218 | Swamp:1  | Noticed a tentacled monstrosity
 35269 | Swamp:1  | Found a transporter.
 35503 | Swamp:1  | Reached skill level 20 in Fighting
 37263 | Swamp:3  | Reached XP level 18. HP: 175/178 MP: 17/19
 37965 | Swamp:4  | Entered Level 4 of the Swamp
 38021 | Swamp:3  | HP: 8/180 [poison (poison gas)]
 38443 | Swamp:3  | HP: 8/180 [poisoned by a swamp drake (noxious blast)]
 39261 | Swamp:4  | HP: 4/180 [shambling mangrove (14)]
 39262 | Swamp:4  | Quit the game

Illustrated notes

Levels and vault maps discovered:
D:1:      minmay_arrival_shoal_huts, layout_rooms, serial_shops, shop,
          nicolae_shop_behind_doors, shop, shop_coins,
          shapermc_ecumenical_altar_mp_vishouse
D:2:      layout_loops_ring, lightli_corner_chamber
D:3:      layout_basic, ebering_ghost_reflecting_pool, due_unseen_surprise
D:4:      layout_loops_ring, chequers_temple_overflow_statue_of_worship,
          okawaru_metal_pillars_3, dk_xom_monty_hall, st_stairs_4, uniq_sigmund
D:5:      layout_basic, amcnicky_altar_gilded, kennysheep_mini,
          ebering_ghost_reflecting_pool, serial_shops, shop_statue,
          nicolae_shop_gadgets, uniq_edmund
D:6:      layout_loops_ring, mainiacjoe_overflow_surrounded_room,
          nicolae_ru_sacrificial_ziggurat, grunt_decor_resistance
D:7:      layout_basic, overflow_temple_1_default, minmay_temple_entry_slanted,
          serial_shops, nicolae_shop_bloodbath_and_beyond
D:8:      layout_loops_corners, david_lair_generic
D:9:      layout_roguey, pdpol_wu_jian_five_deadly_venoms,
          nicolae_qazlal_eye_of_the_storm, elyvilon_altar_1, kennysheep_donut,
          uniq_erica, uniq_pikel
D:10:     layout_long_grid, serial_shops, shop
D:11:     kennysheep_town, uniq_harold, uniq_erolcha, uniq_nergalle
D:12:     layout_irregular_city, uniq_nessos
D:13:     layout_irregular_city, grunt_vaults_entry_fortified, serial_shops,
          nicolae_shop_hallway_plus, uniq_sonja
D:14:     hangedman_cross_stitches, layout_stronghold
D:15:     grunt_enter_depths_magical_seal, layout_long_grid,
          chequers_serial_rivers_room_b, minmay_protected_statue, uniq_louise,
          uniq_agnes
Lair:1:   layout_chaotic_city, enter_volcano_1, minmay_lair_oklob_items,
          beast_lair_carwin_9, grunt_megastairs_2, lemuel_fruit_fields,
          uniq_joseph
Lair:2:   layout_cave_pods, nicolae_swamp_entry_splash_gauntlet,
          grunt_megastairs_4, serial_bayou_shore_a, infiniplex_staircase_pool_2
Lair:3:   layout_cellular_growth, hellmonk_spider_entry_life_and_decay,
          bobbens_dragon_lair_wall, uniq_fannar
Lair:4:   layout_small_grid, slime_entry_2, roderic_batcave,
          nicolae_lair_lindhole
Lair:5:   minmay_lair_end_enchanted_forest, layout_cave_pods,
          hellmonk_ghost_happy_afterlife
Swamp:1:  gammafunk_sealed_arena, layout_falls_marsh,
          nicolae_swamp_well_well_well
Swamp:2:  layout_basic_swamp, evilmike_swamp_ruin_house_2, swamp_pool3,
          infiniplex_staircase_pool
Swamp:3:  layout_basic_swamp, nicolae_swamp_some_circles, swamp_pool2
Swamp:4:  swamp, layout_basic_swamp
Orc:1:    layout_diamond_mine, trog_butcher_becter
Orc:2:    grunt_orc_cross, layout_caves, serial_shops, nicolae_shop_waterfront,
          uniq_donald, uniq_snorg, uniq_rupert

Skill      XL: |  1  2  3  4  5  6  7  8  9 10 11 12 13 14 15 16 17 18 |
---------------+-------------------------------------------------------+-----
Fighting       | 1 2 3 4 5 6 8 10 11 12 15 18 20 | 20.6
Short Blades   | 2 3 5 6 7 9 10 11 | 11.3
Armour         | 1 3 5 7 9 10 11 13 14 15 16 | 16.9
Dodging        | 3 5 7 8 10 11 12 13 14 15 | 15.7
Staves         | 6 12 13 14 | 14.0
Hexes          | 4 5 6 7 8 |  8.0
Stealth        | |  2.4
Spellcasting   | |  1.3

Action                   |  1- 3 |  4- 6 |  7- 9 | 10-12 | 13-15 | 16-18 || total
-------------------------+-------+-------+-------+-------+-------+-------++-------
Melee: Dagger            |   111 |   111 |   486 |   151 |       |       ||   859
       Headbutt          |    21 |    27 |    97 |   109 |   118 |   237 ||   609
       Punch             |     1 |     4 |     9 |     2 |       |       ||    16
       Short sword       |       |       |       |   150 |       |       ||   150
       Lajatang          |       |       |       |   198 |   371 |   993 ||  1562
       Quarterstaff      |       |       |       |    12 |    21 |    10 ||    43
Evoke: Wand              |       |     1 |     5 |     2 |       |       ||     8
  Use: Scroll            |     8 |     4 |     6 |     8 |     5 |     9 ||    40
       Potion            |       |       |     1 |     4 |     1 |     9 ||    15
 Stab: Invisible         |       |       |       |     3 |       |       ||     3
       Distracted        |       |       |       |     1 |     4 |    10 ||    15
Armor: Plate armour      |   110 |    49 |   108 |       |   180 |   542 ||   989
       Robe              |     2 |       |       |       |       |       ||     2
       Chain mail        |       |       |    26 |   203 |       |       ||   229
Dodge: Dodged            |    34 |    26 |   102 |   213 |   178 |   600 ||  1153

Table legend: (Time is in decaauts)
 A = Elapsed time spent in this place.
 B = Non-inter-level travel time spent in this place.
 C = Inter-level travel time spent in this place.
 D = Time resting spent in this place.
 E = Time spent auto-exploring this place.
 F = Levels seen in this place.
 G = Mean time per level.
                   A        B        C        D        E       F      G
               +--------+--------+--------+--------+--------+-----+--------+
         Total |  38665 |  36629 |   2036 |   2822 |  28623 |  28 | 1380.9 |
       Dungeon |  22099 |  20973 |   1126 |    828 |  17407 |  15 | 1473.3 |
          Lair |   7914 |   7496 |    418 |    648 |   5782 |   5 | 1582.8 |
         Swamp |   4019 |   3744 |    275 |    659 |   2506 |   4 | 1004.8 |
  Orcish Mines |   3556 |   3340 |    216 |    687 |   2154 |   2 | 1778.0 |
         Abyss |    340 |    340 |      0 |      0 |    176 |   1 |  340.0 |
       Volcano |    736 |    736 |      0 |      0 |    597 |   1 |  736.0 |
               +--------+--------+--------+--------+--------+-----+--------+

Top non-repeatable levels by time:
    D:11: 3758 daAuts
  Lair:3: 2216 daAuts
   Orc:1: 2151 daAuts
     D:5: 2038 daAuts
    D:15: 2022 daAuts
  Lair:2: 1946 daAuts
    D:14: 1716 daAuts
    D:13: 1593 daAuts
     D:8: 1580 daAuts
 Swamp:3: 1567 daAuts
     D:4: 1554 daAuts
    D:10: 1451 daAuts
   Orc:2: 1404 daAuts
  Lair:4: 1359 daAuts
  Lair:5: 1283 daAuts
